Map: Dusk Towers

Players

taxc - Winner!

  • Race: Protoss Protoss
  • League: Diamond

LilDicky

  • Race: Terran Terran
  • League: Diamond

VOD

http://www.twitch.tv/tumescentpie

Description

Time

  • Played on: Dec. 25, 2015, 12:44 a.m.
  • Length: 6:17
Show
View Real Time Build Order
Export as new Build Order

taxc Protoss - Winner!

Build Orders: 1 Gate Expand 

Get SALT Encoding   

  12  0:01  Probe (Chrono Boost)  
  13  0:11  Probe (Chrono Boost)  
  14  0:19  Pylon  
  14  0:23  Probe (Chrono Boost)  
  15  0:37  Probe (Chrono Boost)  
  15  0:40  Gateway  
  16  0:47  Probe (Chrono Boost)  
  17  0:50  Assimilator  
  17  1:18  Nexus  
  17  1:31  Probe (Chrono Boost)  
  18  1:36  Cybernetics Core  
  19  1:47  Probe (Chrono Boost)  
  19  1:49  Assimilator  
  19  1:51  Pylon  
  19  1:59  Probe (Chrono Boost)  
  19  2:06  Gateway  
  19  2:12  Probe (Chrono Boost)  
  19  2:14  Warp Gate  
  22  2:23  Mothership Core (Chrono Boost)  
  22  2:31  Adept  
  22  2:36  Probe (Chrono Boost)  
  25  2:46  Pylon  
  25  2:48  Probe (Chrono Boost)  
  26  2:55  Probe (Chrono Boost)  
  26  2:57  Sentry  
  29  3:03  Probe (Chrono Boost)  
  30  3:12  Robotics Facility  
  30  3:29  Adept x2  
  30  3:59  Adept x2 (Chrono Boost)  
  32  4:16  Pylon  
  32  4:33  Mothership Core  
  32  4:46  Probe  
  32  4:49  Gateway, Adept x2  
  33  4:54  Probe  
  30  5:13  Adept x2  
  30  5:30  Mothership Core  
  30  5:35  Robotics Facility  
  32  5:37  Gateway  
  32  5:39  Adept x2, Pylon  
  32  5:42  Probe  
  37  5:48  Adept  
  39  5:51  Probe  
  40  6:02  Adept  
  40  6:03  Adept  
  44  6:13  Forge  
Show
View Real Time Build Order
Export as new Build Order

LilDicky Terran 

Build Orders:  

Get SALT Encoding   

  12  0:01  SCV  
  13  0:14  SCV  
  14  0:18  Supply Depot  
  14  0:26  SCV  
  15  0:39  SCV  
  16  0:44  Barracks  
  16  0:52  SCV  
  17  1:04  SCV  
  18  1:16  SCV  
  19  1:21  Barracks x2  
  19  1:31  Supply Depot  
  19  1:32  Orbital Command  
  19  1:33  Marine  
  20  1:51  Marine  
  21  2:02  Barracks  
  21  2:08  Marine x2  
  21  2:09  Marine  
  21  2:14  SCV  
  25  2:18  Supply Depot  
  25  2:26  SCV, Marine x2  
  25  2:27  Marine  
  29  2:38  SCV  
  29  2:44  Marine x3  
  30  2:46  Supply Depot  
  30  2:49  Marine  
  34  2:54  SCV  
  35  3:02  Marine x3  
  37  3:26  Marine x3  
  34  3:42  Marine  
  34  3:44  Marine  
  28  4:14  Marine  
  28  4:15  Marine x2  
  28  4:16  Marine  
  27  4:32  Marine x2  
  27  4:33  Marine  
  27  4:34  Marine  
  29  4:50  Marine x3  
  29  4:51  Marine  
  28  5:08  Marine x3  
  28  5:09  Marine  
  28  5:26  Marine x3  
  28  5:27  Marine  
  26  5:29  SCV  
  27  5:42  SCV  
  28  5:44  Marine x3  
  28  5:45  Marine  
  32  5:54  SCV  
Tags
 
Add a new tag
Caveats
  • Supply blocks, unpowered buildings, or Contaminate may cause inaccurate times.
  • Supply counts are checked every 10 seconds.